 Dungeon Crawl Stone Soup version 0.24-a0-205-g1d96822 (webtiles) character file.

Game seed: 8975415297318337963

147099 Inarius the Severer (level 16, -8/127 HPs)
             Began as a Demonspawn Abyssal Knight on Mar 27, 2019.
             Was the Champion of Lugonu.
             Shot with an arrow by a deep elf archer (18 damage)
             ... on level 1 of the Elven Halls on Mar 28, 2019.
             The game lasted 02:06:32 (33928 turns).

Inarius the Severer (Demonspawn Abyssal Knight)    Turns: 33928, Time: 02:06:33

Health: -8/127     AC: 22    Str: 17    XL:     16   Next: 91%
Magic:  0/24       EV: 10    Int: 14    God:    Lugonu [******]
Gold:   2264       SH: 10    Dex: 15    Spells: 15/15 levels left

rFire    + + .     SeeInvis .   a - +5 broad axe (elec)
rCold    + . .     Gourm    .   l - +0 shield
rNeg     . . .     Faith    .   r - +4 plate armour {rF+}
rPois    .         Spirit   +   o - +1 hat
rElec    .         Reflect  .   F - scarf {Spirit}
rCorr    .         Harm     .   t - +0 pair of gloves
MR       +....                  (boots unavailable)
Stlth    ..........             z - amulet of regeneration
HPRegen  0.71/turn              u - +6 ring of evasion
MPRegen  0.19/turn              N - ring of protection from fire

@: slowed, studying Armour, heavily drained, very slow
A: hooves 3, iridescent scales 1, cold resistance 1, powered by death 1,
freezing cloud immunity
a: Depart the Abyss, Bend Space, Banish, Corrupt, Enter the Abyss, Brand Weapon
With Distortion, Renounce Religion


You were on level 1 of the Elven Halls.
You worshipped Lugonu.
Lugonu was exalted by your worship.
You were not hungry.

You visited 5 branches of the dungeon, and saw 28 of its levels.
You visited the Abyss 1 time.
You also visited: Bailey and Gauntlet.

You collected 2509 gold pieces.
You spent 245 gold pieces at shops.

Inventory:

Hand Weapons
 a - a +5 broad axe of electrocution (weapon)
 b - a +2 dagger of distortion
Armour
 l - a +0 shield (worn)
 o - a +1 hat (worn)
 r - a +4 plate armour of fire resistance (worn)
 s - the +0 ring mail of the Eleven Souls {rElec Stlth+}
   (You found it on level 3 of the Swamp)

   It insulates you from electricity.
   It makes you more stealthy.
 t - a +0 pair of gloves (worn)
 x - a +0 cloak
 F - a scarf of spirit shield (worn)
Jewellery
 u - a +6 ring of evasion (left hand)
 v - an uncursed amulet of rage
 z - an amulet of regeneration (around neck)
 J - an uncursed ring of magical power
 M - an uncursed ring of protection from cold
 N - a ring of protection from fire (right hand)
 U - an uncursed ring of wizardry
 Z - a +4 ring of evasion
Wands
 y - a wand of digging (5)
 P - a wand of polymorph (18)
 S - a wand of random effects (15)
 T - a wand of clouds (2)
Scrolls
 i - 5 scrolls of teleportation
 A - a scroll of summoning
 B - 9 scrolls of remove curse
 C - 5 scrolls of fear
 K - 2 scrolls of magic mapping
 L - 2 scrolls of fog
 Q - 2 scrolls of amnesia
 V - a scroll of torment
 W - 2 scrolls of brand weapon
 X - a scroll of immolation
Potions
 d - 3 potions of agility
 e - 2 potions of mutation
 f - 4 potions of curing
 g - a potion of heal wounds
 h - 9 potions of lignification
 j - 5 potions of brilliance
 m - 3 potions of ambrosia
 n - 4 potions of haste
 p - a potion of berserk rage
 q - a potion of resistance
 w - 3 potions of flight
 G - 2 potions of magic
 I - 2 potions of might
 O - a potion of cancellation
Books
 H - a manual of Armour
Miscellaneous
 D - a lamp of fire (inert)
 E - a sack of spiders
 R - a phial of floods (inert)
 Y - a phantom mirror
Comestibles
 c - 46 rations
 k - 6 chunks of flesh


   Skills:
 + Level 12.1(9.3) Fighting
 + Level 2.8(0.7) Short Blades
 * Level 18.4(15.2) Axes
 + Level 11.4(8.7) Armour
 - Level 3.0(0.8) Dodging
 - Level 1.3(0.0) Stealth
 + Level 7.6(5.1) Shields
 * Level 11.1(8.4) Invocations
 - Level 10.1(7.5) Evocations


You had 15 spell levels left.
You didn't know any spells.
Your spell library contained the following spells:

 Spells                   Type           Power        Failure   Level  Hunger
 Beastly Appendage        Tmut           #.....       100%        1    ##.....
 Confusing Touch          Hex            #.....       100%        1    ##.....
 Corona                   Hex            #......      100%        1    ##.....
 Flame Tongue             Conj/Fire      #....        100%        1    ##.....
 Magic Dart               Conj           #...         100%        1    ##.....
 Sandblast                Erth           #.....       100%        1    ##.....
 Blink                    Tloc           N/A          100%        2    ###....
 Call Imp                 Summ           #.......     100%        2    ###....
 Ensorcelled Hibernation  Hex/Ice        #.....       100%        2    ###....
 Passwall                 Tmut/Erth      #.......     100%        2    ###....
 Slow                     Hex            #.......     100%        2    ###....
 Sticks to Snakes         Tmut           #.......     100%        2    ###....
 Throw Flame              Conj/Fire      #.....       100%        2    ###....
 Confuse                  Hex            #.......     100%        3    ####...
 Conjure Flame            Conj/Fire      #.......     100%        3    ####...
 Dazzling Spray           Conj/Hex       #.....       100%        3    ####...
 Gell's Gravitas          Tloc           #.........   100%        3    ####...
 Inner Flame              Hex/Fire       #.......     100%        3    ####...
 Mephitic Cloud           Conj/Pois/Air  #.......     100%        3    ####...
 Spider Form              Tmut/Pois      #.........   100%        3    ####...
 Stone Arrow              Conj/Erth      #.....       100%        3    ####...
 Tukima's Dance           Hex            #.......     100%        3    ####...
 Ice Form                 Ice/Tmut       #.......     100%        4    #####..
 Leda's Liquefaction      Hex/Erth       #.........   100%        4    #####..
 Petrify                  Tmut/Erth      #.......     100%        4    #####..
 Sticky Flame             Conj/Fire      #.......     100%        4    #####..
 Blade Hands              Tmut           #.........   100%        5    ######.
 Bolt of Magma            Conj/Fire/Erth #.........   100%        5    ######.
 Fireball                 Conj/Fire      #.........   100%        5    ######.
 Lee's Rapid Deconstruct  Erth           #.........   100%        5    ######.
 Metabolic Englaciation   Hex/Ice        #.........   100%        5    ######.
 Yara's Violent Unravell  Hex/Tmut       #.........   100%        5    ######.
 Iron Shot                Conj/Erth      #.........   100%        6    #######
 Statue Form              Tmut/Erth      #........    100%        6    #######
 Shatter                  Erth           #.........   100%        9    #######


Dungeon Overview and Level Annotations

Branches:
Dungeon (15/15)            Temple (0/1) D:7            Lair (6/6) D:8
  Swamp (4/4) Lair:2       Spider (0/4) Lair:2        Slime (0/5) Lair:6
    Orc (2/2) D:10            Elf (1/3) Orc:2        Vaults (0/5) D:14
 Depths (0/5) D:15

Altars:
Ashenzari
Elyvilon
Gozag
Okawaru
Sif Muna
Trog
Vehumet
Yredelemnul
Beogh

Shops:
D:5 *   Orc:1 *   Orc:2 [(%[:

Annotations:
Lair:4 3 runed translucent doors, nikopol's ghost, journeyman DEFE
Swamp:2 Nikola
Swamp:4 exclusion: Roxanne, Aizul; Lernaean hydra; Roxanne


Innate Abilities, Weirdness & Mutations

You have hooves in place of feet.
You are partially covered in iridescent scales. (AC +2)
Your flesh is cold resistant. (rC+)
You regenerate a little health from kills.
You are immune to freezing clouds.


Message History

You are confused.
Okay, then.
Unknown command.
Something hits you!
* * * LOW HITPOINT WARNING * * *
Something hits you but does no damage.
You feel better.
A deep elf knight appears from thin air!
Reactivating autopickup.
The deep elf knight gestures at you while chanting.
The shard of ice hits you!! You partially resist.
* * * LOW HITPOINT WARNING * * *
The deep elf archer casts a spell at you.
You feel yourself slow down.
You feel much better.
The deep elf knight points at you and mumbles some strange words.
The shard of ice hits you!! You partially resist.
* * * LOW HITPOINT WARNING * * *
The deep elf archer shoots an arrow.
The arrow hits you!!
You die...

##### #...#
#...# #
####>..####
#.##....e....#
.............#
#....@....#
##).(e)#..#
#...)(#..#
#...)(..>#
#....)..##
#####(###
###(###
#.....#
###.#.#.#


You could see a deep elf archer and a deep elf knight.

Vanquished Creatures
  Rupert (D:15)
  Kirke (Swamp:2)
  A deep elf annihilator (Elf:1)
  A minotaur (Gauntlet)
  A fire dragon (Lair:6)
  Josephine (Lair:4)
  10 hydras
  A vault guard (D:14)
  Erica (D:9)
  7 ghost crabs (Swamp:2)
  A death knight (D:11)
  2 catoblepae
  3 dancing weapons (Elf:1)
  7 two-headed ogres
  2 ogre magi
  3 death yaks (Lair:6)
  A tengu warrior (Gauntlet)
  2 centaur warriors
  9 alligators
  An orc high priest (Elf:1)
  A skeletal warrior (D:15)
  3 deep elf knights
  A flayed ghost (D:15)
  A fire crab (Lair:6)
  10 slime creatures
  5 spriggan druids
  5 deep elf archers (Elf:1)
  3 swamp dragons
  5 unseen horrors
  Pikel (D:6)
  A necromancer (D:15)
  2 phantasmal warriors
  An iron dragon zombie (D:15)
  7 orc knights
  4 orc sorcerers
  4 manticores
  20 deep elf magi (Elf:1)
  6 ugly things
  A wolf spider (Lair:2)
  A large abomination (Gauntlet)
  3 cyclopes
  10 elephants
  Joseph (D:7)
  Maurice (D:8)
  4 apocalypse crabs (Swamp:2)
  3 molten gargoyles (Lair:6)
  5 black mambas
  22 spiny frogs
  A centaur skeleton (D:14)
  A torpor snail (Lair:3)
  A stone giant skeleton (D:15)
  3 gargoyles
  A yaktaur (D:15)
  A freezing wraith (D:12)
  An efreet (D:15)
  6 komodo dragons
  4 tengu conjurers
  A merfolk (Orc:1)
  9 hornets
  A meliai (D:13)
  7 tyrant leeches
  2 polar bears
  7 trolls
  Prince Ribbit (D:7)
  13 bog bodies
  6 dream sheep (Lair:5)
  10 blink frogs
  8 hippogriffs
  2 spriggan zombies (D:15)
  A centaur simulacrum (Gauntlet)
  A redback (Lair:2)
  A redback (shapeshifter) (D:12)
  8 wraiths
  4 shadows
  A vampire (D:11)
  6 spriggans
  6 wyverns
  46 yaks
  A hog (Swamp:2)
  A human (Swamp:2)
  4 basilisks
  3 steam dragons
  Grum (D:9)
  19 vampire mosquitoes
  5 small abominations (Gauntlet)
  A soldier ant (D:15)
  3 hell hounds (Lair:6)
  13 swamp worms
  3 wargs
  9 water moccasins
  35 orc warriors
  8 porcupines
  6 ice beasts
  A hornet zombie (D:12)
  8 swamp drakes
  6 sky beasts
  A necrophage (D:10)
  3 eyes of draining
  11 ogres
  11 wolves
  8 centaurs
  15 crocodiles
  4 big kobolds
  12 bullfrogs
  An elf zombie (D:14)
  An earth elemental (Elf:1)
  A spiny frog simulacrum (Gauntlet)
  A wyvern skeleton (D:9)
  12 killer bees
  3 scorpions
  2 howler monkeys (D:9)
  14 wights
  5 bullfrog zombies
  3 centaur zombies
  4 lava snakes (Lair:6)
  A crimson imp (D:5)
  7 hounds
  2 quasits
  2 human zombies (D:14)
  4 jellies
  23 orc priests
  2 iguanas
  Jessica (D:2)
  Terence (D:3)
  7 worker ants
  Natasha (thrice) (D:2)
  30 orc wizards
  5 hell rats (Lair:5)
  An ogre zombie (D:14)
  2 bullfrog simulacra (Gauntlet)
  A hound skeleton (D:10)
  3 mummies (D:14)
  A worker ant zombie (D:10)
  5 gnolls
  9 adders
  A shadow imp (D:8)
  2 adder zombies
  5 worms
  6 dart slugs
  6 leopard geckos
  113 orcs
  5 bats
  8 giant cockroaches
  14 goblins
  7 hobgoblins
  8 jackals
  7 quokkas
  8 frilled lizards
  11 kobolds
  A leopard gecko skeleton (D:5)
  2 quokka skeletons
  7 rats
  9 fungi
  A plant (Lair:4)
  A withered plant (D:15)
918 creatures vanquished.

Vanquished Creatures (collateral kills)
  Saint Roka (Orc:2)
  A skeletal warrior (D:15)
  A troll (D:15)
  A basilisk (D:15)
4 creatures vanquished.

Vanquished Creatures (others)
  2 hydras
  An orc high priest (Orc:1)
  2 orc knights
  An orc sorcerer (Orc:2)
  A wolf spider (Lair:2)
  A shining eye (Lair:5)
  3 black mambas
  2 spiny frogs
  A hornet (D:8)
  A blink frog (Lair:4)
  2 humans (Swamp:2)
  A water moccasin (Lair:4)
  4 orc warriors
  A crocodile (D:8)
  2 killer bees (D:6)
  5 wights
  A jelly (D:5)
  An orc priest (D:3)
  An orc wizard (D:10)
  A gnoll (D:4)
  An orc (D:10)
  A hobgoblin (D:3)
  24 fungi
  16 plants
  7 withered plants (D:15)
83 creatures vanquished.

Grand Total: 1005 creatures vanquished

Notes
Turn   | Place    | Note
-------+----------+-------------------------------------------
     0 | Abyss:1  | Inarius the Demonspawn Abyssal Knight began the quest for
                  | the Orb.
     0 | Abyss:1  | Reached XP level 1. HP: 18/18 MP: 2/2
    41 | Abyss:1  | Noticed a smoke demon
    43 | D:1      | Escaped the Abyss
   340 | D:1      | Gained mutation: You have large cloven feet. [demonic
                  | ancestry]
   340 | D:1      | Reached XP level 2. HP: 20/24 MP: 3/3
   655 | D:1      | Reached * piety under Lugonu
   893 | D:1      | Reached skill level 1 in Dodging
   951 | D:1      | Reached skill level 2 in Axes
   951 | D:1      | Gained mutation: You are partially covered in iridescent
                  | scales. (AC +2) [demonic ancestry]
   951 | D:1      | Reached XP level 3. HP: 28/30 MP: 3/5
  1255 | D:2      | Noticed Natasha
  1267 | D:2      | Killed Natasha
  1584 | D:2      | Reached XP level 4. HP: 37/37 MP: 6/6
  1802 | D:2      | Noticed Natasha
  1808 | D:2      | Killed Natasha
  1984 | D:2      | Noticed Natasha
  1988 | D:2      | Killed Natasha
  1988 | D:2      | Reached XP level 5. HP: 37/42 MP: 7/7
  2079 | D:2      | Reached ** piety under Lugonu
  2097 | D:2      | Noticed Jessica
  2105 | D:2      | Killed Jessica
  2484 | D:3      | Noticed Terence
  2588 | D:3      | Killed Terence
  2588 | D:3      | Reached skill level 3 in Axes
  2828 | D:3      | Reached XP level 6. HP: 38/48 MP: 8/8
  3809 | D:4      | Reached skill level 4 in Axes
  3978 | D:4      | Gained mutation: Your flesh is cold resistant. (rC+)
                  | [demonic ancestry]
  3978 | D:4      | Reached XP level 7. HP: 53/54 MP: 10/10
  4265 | D:4      | Reached *** piety under Lugonu
  4315 | D:5      | Entered Level 5 of the Dungeon
  4345 | D:5      | Found Ycanis's General Store.
  4797 | D:5      | Found an opulent altar of Gozag.
  5033 | D:5      | Reached skill level 5 in Axes
  5456 | D:5      | Found an iron altar of Okawaru.
  5458 | D:5      | Found a white marble altar of Elyvilon.
  5473 | D:6      | Noticed Pikel
  5502 | D:6      | Killed Pikel
  5502 | D:6      | Reached skill level 6 in Axes
  5502 | D:6      | Reached skill level 5 in Invocations
  5502 | D:6      | Gained mutation: You have hoof-like feet. [demonic
                  | ancestry]
  5502 | D:6      | Reached XP level 8. HP: 34/61 MP: 11/11
  5694 | D:6      | Reached skill level 7 in Axes
  5703 | D:6      | Reached skill level 5 in Armour
  5707 | D:6      | Reached skill level 5 in Fighting
  6062 | D:6      | Found a radiant altar of Vehumet.
  6228 | D:6      | Gained mutation: You have hooves in place of feet. [demonic
                  | ancestry]
  6228 | D:6      | Reached XP level 9. HP: 65/68 MP: 13/13
  6780 | D:7      | Reached **** piety under Lugonu
  6788 | D:7      | Reached skill level 8 in Axes
  6843 | D:7      | Noticed Prince Ribbit
  6857 | D:7      | Noticed Joseph
  6951 | D:7      | Reached skill level 1 in Shields
  7000 | D:7      | Found a bloodstained altar of Trog.
  7000 | D:7      | Found a deep blue altar of Sif Muna.
  7013 | D:7      | Killed Prince Ribbit
  7041 | D:7      | Found a staircase to the Ecumenical Temple.
  7274 | D:7      | Killed Joseph
  7581 | D:8      | Found a flagged portal.
  7607 | Bailey   | Entered a bailey
  7639 | Bailey   | Noticed an orc knight
  7710 | Bailey   | Reached skill level 9 in Axes
  7710 | Bailey   | Reached XP level 10. HP: 73/74 MP: 15/15
  7807 | Bailey   | Banished an orc knight
  8072 | D:8      | Noticed Maurice
  8103 | D:8      | Killed Maurice
  8103 | D:8      | Reached skill level 1 in Evocations
  8660 | D:8      | Found a staircase to the Lair.
  9222 | D:9      | Noticed Erica
  9244 | D:9      | Killed Erica
  9244 | D:9      | Reached skill level 10 in Axes
  9415 | D:9      | Reached ***** piety under Lugonu
  9833 | D:9      | Reached XP level 11. HP: 73/81 MP: 17/17
  9931 | D:9      | Noticed Grum
  9959 | D:9      | Killed Grum
 10193 | D:10     | Entered Level 10 of the Dungeon
 10397 | D:10     | Noticed a two-headed ogre
 10407 | D:10     | Killed a two-headed ogre
 10407 | D:10     | Reached skill level 11 in Axes
 10653 | D:10     | Reached skill level 1 in Short Blades
 10690 | D:10     | Killed an unseen horror
 10790 | D:10     | Killed an unseen horror
 11011 | D:10     | HP: 3/83 [orc/+0 flail (2)]
 11107 | D:10     | Found a staircase to the Orcish Mines.
 11347 | D:11     | Noticed a two-headed ogre
 11357 | D:11     | Killed a two-headed ogre
 12047 | D:8      | Killed an unseen horror
 12047 | D:8      | Reached skill level 12 in Axes
 12101 | Lair:1   | Entered Level 1 of the Lair of Beasts
 12440 | Lair:1   | Reached XP level 12. HP: 72/91 MP: 18/18
 12541 | Lair:1   | Reached ****** piety under Lugonu
 13272 | Lair:2   | Reached skill level 1 in Stealth
 13795 | Lair:2   | Found a hole to the Spider Nest.
 14030 | Lair:2   | You fall through a shaft!
 14102 | Lair:2   | Found a staircase to the Swamp.
 14752 | Lair:3   | Reached skill level 13 in Axes
 15489 | Lair:4   | Noticed a five-headed hydra
 15511 | Lair:3   | Reached skill level 5 in Evocations
 15514 | Lair:4   | Noticed a seven-headed hydra
 15920 | Lair:4   | Banished a seven-headed hydra
 15937 | Lair:4   | Noticed a four-headed hydra
 15938 | Lair:4   | Noticed Josephine
 16046 | Lair:4   | Killed a five-headed hydra
 16139 | Lair:4   | Killed Josephine
 16217 | Lair:4   | Found a runed translucent gate.
 16218 | Lair:4   | Found a runed translucent gate.
 16218 | Lair:4   | Found a runed translucent gate.
 16220 | Lair:4   | Noticed nikopol's ghost (journeyman DEFE)
 16238 | Lair:4   | Gained mutation: You are immune to freezing clouds.
                  | [demonic ancestry]
 16238 | Lair:4   | Reached XP level 13. HP: 73/101 MP: 19/19
 16786 | Lair:5   | Reached skill level 14 in Axes
 16820 | Lair:5   | Noticed Nessos
 17661 | Lair:5   | Noticed Nessos
 17661 | Lair:5   | Nessos changed into Nessos the shining eye
 17681 | Lair:5   | Banished Nessos the shining eye
 18158 | Lair:6   | Entered Level 6 of the Lair of Beasts
 18423 | Lair:6   | Found a shattered altar of Ashenzari.
 18607 | Lair:6   | Found a staircase to the Slime Pits.
 19387 | Lair:6   | Reached skill level 5 in Shields
 19472 | Lair:6   | Reached skill level 10 in Fighting
 19632 | Lair:6   | Reached skill level 15 in Axes
 19643 | Lair:6   | Found a large runed translucent door.
 19643 | Lair:6   | Found a large runed translucent door.
 19680 | Lair:6   | Noticed a fire dragon
 19952 | Lair:6   | Reached XP level 14. HP: 107/110 MP: 20/20
 20830 | Orc:1    | Entered Level 1 of the Orcish Mines
 21117 | Orc:1    | Found Fyfoklad's General Store.
 21478 | Orc:2    | Entered Level 2 of the Orcish Mines
 21478 | Orc:2    | Found a staircase to the Elven Halls.
 21523 | Orc:2    | Found a roughly hewn altar of Beogh.
 21524 | Orc:2    | Found Otisogg's Armour Shop.
 21587 | Orc:2    | Found a roughly hewn altar of Beogh.
 22099 | Orc:2    | Found a roughly hewn altar of Beogh.
 22100 | Orc:2    | Found Tuelyext's Food Boutique.
 22293 | Orc:2    | Found a roughly hewn altar of Beogh.
 22330 | Orc:2    | Found Puibariun's Book Shop.
 22535 | Orc:2    | Noticed Saint Roka
 23056 | Orc:1    | Upgraded the game from 0.24-a0-203-gf0bc1e9 to
                  | 0.24-a0-205-g1d96822
 23098 | Orc:2    | Found a roughly hewn altar of Beogh.
 23098 | Orc:2    | Found Bygod's Antique Armour Boutique.
 23099 | Orc:2    | Found Relerho's Antique Weapon Shop.
 23153 | Orc:2    | Killed Saint Roka
 23725 | D:12     | Reached skill level 10 in Invocations
 24106 | Orc:2    | Bought a runed hat for 245 gold pieces
 25025 | D:13     | Reached skill level 16 in Axes
 25174 | D:13     | Got a twisted chain mail
 25206 | D:13     | Noticed Snorg
 25213 | D:13     | Noticed Snorg
 25213 | D:13     | Snorg changed into Snorg the meliai
 25217 | D:13     | Killed Snorg the meliai
 25882 | D:14     | Identified the +4 chain mail of Kexuk {Str+3 Dex+6} (You
                  | found it on level 13 of the Dungeon)
 26119 | D:14     | Gained mutation: You regenerate a little health from kills.
                  | [demonic ancestry]
 26119 | D:14     | Reached XP level 15. HP: 89/117 MP: 16/22
 26284 | D:14     | You fall through a shaft!
 26284 | D:15     | Entered Level 15 of the Dungeon
 26285 | D:15     | Noticed Rupert
 26291 | D:15     | Killed Rupert
 26577 | D:15     | Found a gate leading to a gauntlet.
 26586 | Gauntlet | Entered a Gauntlet
 26586 | Gauntlet | Found a transporter.
 26586 | Gauntlet | Found a transporter.
 26587 | Gauntlet | Found a transporter.
 26590 | Gauntlet | Found a transporter.
 26590 | Gauntlet | Found a transporter.
 26602 | Gauntlet | Found a transporter.
 26666 | Gauntlet | Found a transporter.
 26678 | Gauntlet | Found a transporter.
 26692 | Gauntlet | Found a transporter.
 26702 | Gauntlet | Found a transporter.
 26717 | Gauntlet | Found a transporter.
 26723 | Gauntlet | Found a transporter.
 27437 | D:14     | Found a gate to the Vaults.
 27630 | D:14     | Found a basalt altar of Yredelemnul.
 27934 | D:15     | Reached skill level 17 in Axes
 27959 | D:15     | Paralysed by an ogre mage for 3 turns
 28195 | D:15     | Found a staircase to the Depths.
 28758 | Swamp:1  | Entered Level 1 of the Swamp
 29262 | Swamp:1  | Reached skill level 10 in Armour
 29996 | Swamp:2  | Noticed Kirke
 30010 | Swamp:2  | Killed Kirke
 30126 | Swamp:2  | Reached XP level 16. HP: 97/125 MP: 19/23
 30177 | Swamp:2  | Found a runed translucent door.
 30447 | Swamp:2  | Noticed Nikola
 30675 | Swamp:2  | Reached skill level 10 in Evocations
 31883 | Swamp:3  | Identified the +0 ring mail of the Eleven Souls {rElec
                  | Stlth+} (You found it on level 3 of the Swamp)
 32189 | Swamp:3  | Reached skill level 18 in Axes
 32692 | Swamp:4  | Entered Level 4 of the Swamp
 32745 | Swamp:4  | Identified Roxanne's Volume of the Rocks
 32745 | Swamp:4  | Noticed Roxanne
 32828 | Swamp:4  | Noticed Aizul
 32831 | Swamp:4  | Noticed a thorn hunter
 32837 | Swamp:4  | Noticed the 27-headed Lernaean hydra
 33254 | Elf:1    | Entered Level 1 of the Elven Halls
 33928 | Elf:1    | Shot with an arrow by a deep elf archer

Levels and vault maps discovered:
D:1:      lightli_arrival_maybe_door_vault, layout_basic
D:2:      layout_basic, uniq_jessica, uniq_natasha
D:3:      layout_rooms, minmay_diced_spiral, uniq_terence
D:4:      minmay_evil_eye, layout_basic, first_ration
D:5:      layout_loops_cross, nicolae_overflow_hidden_temple, serial_shops,
          nicolae_shop_stone, minmay_chambers_of_fives
D:6:      layout_loops_corners, old_standard_altar, uniq_pikel
D:7:      layout_cave_pools, gammafunk_temple_overflow_elements,
          minmay_temple_entry_statues, item_on_display_a, uniq_prince_ribbit1,
          uniq_joseph
D:8:      layout_basic, lair_entry_dummy, enter_bailey_3, blue_anna_alchemist
          [blue_anna_fruit_fields, blue_anna_fruit_fields], uniq_maurice
D:9:      layout_stronghold, uniq_grum, uniq_erica
D:10:     layout_rooms, david_orc_4, minmay_fractal_squares_diagonal_5
D:11:     layout_small_grid
D:12:     layout_cave_pools
D:13:     layout_cave_pools, kennysheep_path_1, uniq_snorg
D:14:     layout_roguey, grunt_vaults_entry_fortified,
          lemuel_mausoleum_altar_yredelemnul
D:15:     gammafunk_depths_entry_grave, layout_layer_cave,
          gauntlet_entry_generic, uniq_rupert
Lair:1:   layout_loops_ring, lemuel_fruit_tree, grunt_megastairs_1
Lair:2:   layout_roguey, minmay_swamp_entry_worms, spider_nest_entry_funnel_web
Lair:3:   wad_woods_tower, layout_cave_pods
Lair:4:   layout_layer_cave, ebering_ghost_rock_garden, uniq_josephine
Lair:5:   beast_lair_carwin_large_3, layout_misc_corridors, wad_woods_03,
          uniq_nessos
Lair:6:   cheibrodos_lair_end_hotspot, layout_layer_cave, slime_dummy,
          basic_altar, chequers_serial_rivers_room_a
Swamp:1:  layout_basic_swamp, nicolae_swamp_feature_on_the_river_bank
Swamp:2:  gammafunk_mikee_crab_dinner, layout_falls_marsh,
          hangedman_swamp_lotus, uniq_kirke, uniq_nikola
Swamp:3:  layout_basic_swamp, evilmike_swamp_ruin_rubble_1
Swamp:4:  swamp_old_school, layout_basic_swamp, swamp_pool4, grunt_witch_cave,
          uniq_aizul, uniq_roxanne
Orc:1:    layout_caves, serial_shops, nicolae_shop_competitors_out_of_business,
          minmay_orc_keep
Orc:2:    grunt_orc_community_town_hall, layout_caves,
          grunt_orc_community_big_house_1, grunt_orc_community_big_house_1,
          grunt_orc_community_house_3, grunt_orc_community_house_1,
          grunt_orc_community_house_3, grunt_orc_community_house_2,
          grunt_orc_community_house_3, serial_shops, nicolae_shop_waterfront
Elf:1:    layout_loops_cross, kennysheep_underground_church
Abyss:1
Bailey:   bailey_polearm_1, bailey
Gauntlet: gammafunk_gauntlet_shortcut [gammafunk_gauntlet_arena_chambers,
          gammafunk_gauntlet_arena_teeth, nicolae_gauntlet_arena_blocks,
          nicolae_gauntlet_swirl, gammafunk_gauntlet_arena_corners,
          nicolae_gauntlet_arena_x, gauntlet_exit_watery]

Skill      XL: |  1  2  3  4  5  6  7  8  9 10 11 12 13 14 15 16 |
---------------+-------------------------------------------------+-----
Armour         | 2 3 4 5 7 8 9 10 11 | 11.4
Dodging        | 1 2 3 |  3.0
Axes           | 2 3 4 6 7 9 10 12 13 15 16 17 18 | 18.4
Invocations    | 3 4 5 6 8 9 10 11 | 11.1
Fighting       | 4 5 6 7 9 10 11 12 | 12.1
Shields        | 1 2 3 4 5 6 7 |  7.6
Evocations     | 2 3 5 7 8 9 10 | 10.1
Short Blades   | 1 2 |  2.8
Stealth        | 1 |  1.3

Action                   |  1- 3 |  4- 6 |  7- 9 | 10-12 | 13-15 | 16-18 || total
-------------------------+-------+-------+-------+-------+-------+-------++-------
Melee: Hand axe          |    49 |   151 |    89 |       |       |       ||   289
       Dagger            |    16 |    87 |   228 |   357 |   231 |     9 ||   928
       Kick              |     9 |     6 |    57 |   333 |   682 |   147 ||  1234
       War axe           |       |       |   160 |   707 |  1018 |       ||  1885
       Broad axe         |       |       |       |       |   754 |   486 ||  1240
Invok: Depart the Abyss  |     1 |       |       |       |       |       ||     1
       Bend Space        |       |       |       |     3 |       |       ||     3
       Banish            |       |       |       |     3 |     3 |       ||     6
Evoke: Wand              |       |       |    12 |    25 |    88 |    21 ||   146
       Lamp of fire      |       |       |       |       |     4 |     1 ||     5
       Sack of spiders   |       |       |       |       |     3 |     2 ||     5
       Phial of floods   |       |       |       |       |       |     1 ||     1
  Use: Scroll            |     4 |     4 |    10 |    10 |    18 |    17 ||    63
       Potion            |       |       |     2 |     3 |     9 |     8 ||    22
 Stab: Paralysed         |       |       |       |       |     9 |     7 ||    16
       Distracted        |       |       |       |       |     1 |       ||     1
       Confused          |       |       |       |       |       |     5 ||     5
  Eat: Chunk             |     2 |     7 |    14 |    29 |    41 |    13 ||   106
       Ration            |       |       |       |       |     2 |       ||     2
Armor: Leather armour    |    17 |     5 |       |       |       |       ||    22
       Chain mail        |       |   122 |   216 |     3 |       |       ||   341
       Plate armour      |       |       |       |   666 |   874 |   231 ||  1771
       Skin              |       |       |       |       |       |     4 ||     4
Dodge: Dodged            |    39 |    95 |   307 |   540 |   646 |   175 ||  1802
Block: Buckler           |       |       |    45 |   234 |    27 |       ||   306
       Shield            |       |       |       |       |   702 |   204 ||   906

Table legend:
 A = Non-vault XP
 B = Vault XP
 C = Vault XP percentage of total XP
 D = Non-vault monster count
 E = Vault monster count
 F = Vault count percentage of total count
                 A         B        C        D         E       F
            +---------+---------+-------+---------+---------+-------
      Total |  143433 |   66709 |  31.7 |     676 |     267 |  28.3
            +---------+---------+-------+---------+---------+-------
        D:1 |      51 |       0 |   0.0 |      27 |       0 |   0.0
        D:2 |     134 |      72 |  35.0 |      22 |       2 |   8.3
        D:3 |     151 |      63 |  29.4 |      21 |       4 |  16.0
        D:4 |     205 |      93 |  31.2 |      11 |       2 |  15.4
        D:5 |     585 |      25 |   4.1 |      20 |       4 |  16.7
        D:6 |    1183 |     651 |  35.5 |      25 |       1 |   3.8
        D:7 |     667 |     745 |  52.8 |      11 |       2 |  15.4
        D:8 |    2592 |     585 |  18.4 |      26 |       6 |  18.8
        D:9 |    2617 |    1674 |  39.0 |      29 |       7 |  19.4
       D:10 |    4008 |    1997 |  33.3 |      29 |      21 |  42.0
       D:11 |    4968 |       0 |   0.0 |      32 |       0 |   0.0
       D:12 |    6625 |       0 |   0.0 |      33 |       0 |   0.0
       D:13 |    4845 |     291 |   5.7 |      15 |       1 |   6.2
       D:14 |    4114 |    7342 |  64.1 |      16 |      22 |  57.9
       D:15 |   14839 |    6671 |  31.0 |      42 |       9 |  17.6
     Lair:1 |    3256 |     545 |  14.3 |      16 |       2 |  11.1
     Lair:2 |    2334 |    1081 |  31.7 |      12 |       3 |  20.0
     Lair:3 |    5231 |    1640 |  23.9 |      24 |       6 |  20.0
     Lair:4 |    4553 |    1868 |  29.1 |      15 |       5 |  25.0
     Lair:5 |    8237 |    4893 |  37.3 |      37 |      10 |  21.3
     Lair:6 |   10105 |    8142 |  44.6 |      30 |      25 |  45.5
    Swamp:1 |    5382 |       0 |   0.0 |      20 |       0 |   0.0
    Swamp:2 |   15730 |   10414 |  39.8 |      35 |      14 |  28.6
    Swamp:3 |   14240 |       0 |   0.0 |      40 |       0 |   0.0
    Swamp:4 |    5679 |     127 |   2.2 |      19 |       1 |   5.0
      Orc:1 |    2051 |    1054 |  33.9 |      18 |      11 |  37.9
      Orc:2 |    1231 |    8325 |  87.1 |      19 |      68 |  78.2
      Elf:1 |   17100 |    2899 |  14.5 |      31 |       5 |  13.9
     Bailey |       0 |    1107 | 100.0 |       0 |      19 | 100.0
   Gauntlet |     720 |    4405 |  86.0 |       1 |      17 |  94.4
            +---------+---------+-------+---------+---------+-------
